 Dungeon Crawl Stone Soup version 0.32-a0-612-g1c984fe9d1 (webtiles) character file.

Game seed: 12607981553701582466

174 backslashecho the Chopper (level 5, 0/40 (42) HPs)
             Began as a Coglin Berserker on Mar 4, 2024.
             Was a Believer of Trog.
             Slain by an orc
             ... wielding a +0 dagger
              (1 damage)
             ... on level 3 of the Dungeon.
             The game lasted 00:04:08 (2031 turns).

backslashecho the Chopper (Coglin Berserker)        Turns: 2031, Time: 00:04:09

HP:   0/40 (42)     AC:  3    Str: 20    XL:     5   Next: 54%
MP:   5/5           EV: 12    Int:  6    God:    Trog [**....]
Gold: 155           SH:  0    Dex: 13    Spells: 4/4 levels left

rFire   . . .        a - +1 hand axe {Gurmehar}
rCold   . . .        c - +0 dagger {Wu}
rNeg    . . .        b - +1 animal skin
rPois   .            (no helmet)
rElec   .            (no cloak)
rCorr   .            (no gloves)
SInv    .            (no boots)
Will    .....        (amulet unavailable)
Stlth   +            (ring unavailable)
HPRegen 0.26/turn    (ring unavailable)
MPRegen 0.09/turn    (no gizmo)

%: no passive effects
@: on berserk cooldown, slowed, lightly drained, revved, very slow
A: off-hand wielding, slow wielding, warmup strikes, no jewellery
a: Invent Gizmo, Renounce Religion, Berserk, Trog's Hand


You were on level 3 of the Dungeon.
You worshipped Trog.
Trog was pleased with you.
You visited 1 branch of the dungeon, and saw 3 of its levels.

You collected 155 gold pieces.

Inventory:

Hand Weapons
 a - a +1 hand axe (weapon) {Gurmehar}
 c - a +0 dagger (offhand) {Wu}
Missiles
 j - 7 poisoned darts (quivered)
Armour
 b - a +1 animal skin (worn)
Scrolls
 g - a scroll of enchant weapon
 l - a scroll of blinking


   Skills:
 + Level 3.8 Fighting
 - Level 2.0 Short Blades
 * Level 4.6 Axes
 + Level 2.2 Armour
 - Level 2.0 Dodging


You had 4 spell levels left.
You didn't know any spells.
Your spell library was empty.

Dungeon Overview and Level Annotations

Branches:
Dungeon (3/15)

Altars:

Shops:
D:2 :


Innate Abilities, Weirdness & Mutations

You can wield a second weapon in your off-hand.
It takes a long time for you to wield or remove held weapons.
Your first few attacks do less damage.
You cannot equip rings or amulets.


Message History

You feel a strong urge to attack something.
The orc shouts!
You hear an angry hiss.
Found a stone staircase leading down.
You are no longer berserk.
You are exhausted.
You feel yourself slow down.
A wight comes into view. It is wielding a +3 halberd.
You now have 5/42 hp.
You barely miss the orc wizard with your +0 dagger.
You closely miss the orc wizard with your +1 hand axe.
The orc wizard barely misses you.
A ball python comes into view.
You barely miss the orc wizard with your +1 hand axe.
You closely miss the orc wizard with your +0 dagger.
The orc wizard completely misses you. The orc wizard barely misses you.
Okay, then.
It was a potion of heal wounds.
You feel much better.
You hear the brisk rusting of a distant drain.
The orc hits you with a +0 dagger.
The wight throws a stone.
The stone hits you.
The orc wizard hits you with a +0 dagger.
An orc comes into view. It is wielding a +0 club.
You regained 21 hp, and now have 27/42 hp.
You hit the orc wizard with your +0 dagger.
The orc wizard is moderately wounded.
You hit the orc wizard but do no damage.
You closely miss the orc with your +1 hand axe.
The orc completely misses you.
The orc wizard hits you with a +0 dagger.
The orc wizard closely misses you. The orc hits you with a +0 dagger.
You take 5 damage, and have 22/42 hp.
You aren't carrying any items that you can evoke.
Found a scroll labelled LEITOG KEIG.
The wight misses you.
The ball python closely misses you. x2; The orc wizard closely misses you.
You hit the wight but do no damage.
You closely miss the wight with your +1 hand axe.
You miss the orc wizard with your +1 hand axe.
You barely miss the orc with your +1 hand axe.
You hit the ball python with your +1 hand axe.
The ball python closely misses you. The orc hits you with a +0 dagger.
The wight completely misses you.
The orc wizard points at you and mumbles some strange words.
You resist with some effort. The ball python bites you.
The ball python barely misses you. The orc hits you with a +0 dagger.
The wight hits you with a +3 halberd!
* * * LOW HITPOINT WARNING * * *
The orc wizard hits you with a +0 dagger.
* * * LOW HITPOINT WARNING * * *
You take 17 damage, and have 6/42 hp.
MASSIVE DAMAGE!!
You feel much better. The ball python bites you. The orc completely misses you.
The wight hits you with a +3 halberd.
The orc wizard hits you with a +0 dagger.
The ball python bites you but does no damage.
The ball python grabs you. The ball python constricts you.
You regained 12 hp, and now have 18/42 hp.
You barely miss the wight with your +1 hand axe.
You hit the ball python with your +1 hand axe.
You kill the ball python!
Trog accepts your kill.
You hit the orc with your +1 hand axe.
You hit the orc wizard with your +1 hand axe.
You hit the orc with your +1 hand axe.
You barely miss the wight with your +0 dagger.
The orc closely misses you. The wight closely misses you.
The orc hits you with a +0 club. The orc wizard barely misses you.
The orc barely misses you. The orc completely misses you.
The orc wizard casts a spell at you.
You are confused.
The wight barely misses you.
You take 4 damage, and have 14/42 hp.
Unknown command.
Unknown command.
You feel better. The orc hits you with a +0 dagger.
The wight hits you with a +3 halberd. The orc closely misses you.
The orc wizard points at you and mumbles some strange words.
You are confused.
You regained 4 hp, and now have 18/42 hp.
Unknown command.
You feel better. The orc misses you. The wight hits you with a +3 halberd!
* * * LOW HITPOINT WARNING * * *
You feel drained.
* * * LOW HITPOINT WARNING * * *
The orc hits you with a +0 club.
* * * LOW HITPOINT WARNING * * *
The orc wizard barely misses you. The orc hits you with a +0 dagger.
* * * LOW HITPOINT WARNING * * *
The orc barely misses you.
The orc wizard hits you with a +0 dagger.
* * * LOW HITPOINT WARNING * * *
The wight closely misses you.
You take 17 damage, and have 1/40 hp.
MASSIVE DAMAGE!!
You hit the wight with your +0 dagger.
The wight is lightly damaged.
You closely miss the wight with your +1 hand axe.
You hit the orc with your +1 hand axe. x2
You kill the orc!
Trog accepts your kill.
You hit the orc wizard with your +1 hand axe.
The orc hits you with a +0 dagger.
You die...

.>.............#
...............#
...............#
...............#
....[..........#
...............#
.......o†).....# ###
.......o@z.....? ...
................ ...
.......[)....... ...
...............)......#
###
.......................
......................#
......................#
......................#
.....§§...............


You could see a wight, an orc wizard and an orc.

Vanquished Creatures
  2 wights (D:3)
  An adder (D:2)
  A dart slug (D:2)
  A ribbon worm (D:2)
  An orc (D:3)
  7 ball pythons
  11 endoplasms
  3 giant cockroaches
  5 goblins
  3 hobgoblins
  5 quokkas
  7 bats
  4 frilled lizards (D:1)
  A kobold (D:2)
  2 rats
54 creatures vanquished.

Notes
Turn   | Place    | Note
-------+----------+-------------------------------------------
     0 | D:1      | backslashecho the Coglin Berserker began the quest for the
                  | Orb.
     0 | D:1      | Reached XP level 1. HP: 18/18 MP: 1/1
    74 | D:1      | Reached XP level 2. HP: 24/24 MP: 2/2
   110 | D:1      | Found a faded altar of an unknown god.
   638 | D:1      | Reached skill level 1 in Short Blades
   686 | D:1      | Reached XP level 3. HP: 29/29 MP: 3/3
   744 | D:1      | Reached ** piety under Trog
  1062 | D:2      | Found Numuiw's Vocational Training.
  1845 | D:3      | Reached XP level 4. HP: 33/35 MP: 4/4
  2016 | D:3      | Reached skill level 4 in Axes
  2016 | D:3      | Reached XP level 5. HP: 6/41 MP: 5/5
  2030 | D:3      | HP: 1/40 [orc wizard/+0 dagger (3)]
  2031 | D:3      | Slain by an orc

Illustrated notes

Levels and vault maps discovered:
D:1:      wander_arrival_fairy_ring, layout_basic,
          nicolae_ecumenical_lake_church
D:2:      layout_loops_corners, nicolae_shop_vocational
D:3:      layout_basic, portal_sewer_entry_e

Skill      XL: |  1  2  3  4 |
---------------+-------------+-----
Armour         | 2 |  2.2
Short Blades   | 1 2 |  2.0
Dodging        | 2 |  2.0
Axes           | 4 |  4.6
Fighting       | |  3.8

Action                     |  1- 3 |  4- 6 || total
---------------------------+-------+-------++-------
  Melee: Hand axe          |    75 |    29 ||   104
         Dagger            |    63 |    28 ||    91
 Invoke: Berserk           |       |     1 ||     1
    Use: Scroll            |       |     7 ||     7
         Potion            |       |     4 ||     4
 Armour: Animal skin       |    39 |    46 ||    85
  Dodge: Dodged            |    65 |    43 ||   108

Table legend: (Time is in decaauts)
 A = Elapsed time spent in this place.
 B = Non-inter-level travel time spent in this place.
 C = Inter-level travel time spent in this place.
 D = Time resting spent in this place.
 E = Time spent auto-exploring this place.
 F = Levels seen in this place.
 G = Mean time per level.
                   A        B        C        D        E       F      G
               +--------+--------+--------+--------+--------+-----+--------+
         Total |   2037 |   1884 |    153 |     39 |   1335 |   3 |  679.0 |
       Dungeon |   2037 |   1884 |    153 |     39 |   1335 |   3 |  679.0 |
               +--------+--------+--------+--------+--------+-----+--------+

Top non-repeatable levels by time:
     D:2: 919 daAuts
     D:1: 879 daAuts
     D:3: 238 daAuts
